 Dungeon Crawl Stone Soup version 0.24-a0-520-g8fd06ad0bc (webtiles) character file.

Game seed: 8612822090278521539

3482 Gynju the Magician (level 9, -9/65 HPs)
             Began as a Demonspawn Wizard on July 26, 2019.
             Was a Priest of Vehumet.
             Mangled by a two-headed ogre
             ... wielding a +0 giant club
              (22 damage)
             ... on level 10 of the Dungeon.
             The game lasted 00:24:27 (12093 turns).

Gynju the Magician (Demonspawn Wizard)             Turns: 12093, Time: 00:24:28

Health: -9/65      AC: 11    Str:  9    XL:     9   Next: 79%
Magic:  2/19       EV: 13    Int: 22    God:    Vehumet [***...]
Gold:   435        SH:  0    Dex: 11    Spells: 10/22 levels left

rFire    . . .     SeeInvis .   A - +3 trident
rCold    . . .     Gourm    .   (no shield)
rNeg     . . .     Faith    .   s - +0 leather armour
rPois    .         Spirit   .   b - +1 hat
rElec    .         Reflect  .   M - scarf {cloud immunity}
rCorr    .         Harm     .   N - +0 pair of gloves
MR       .....                  (no boots)
Stlth    +++.......             q - amulet of rage
HPRegen  0.20/turn              h - ring of stealth
MPRegen  0.16/turn              x - +3 ring of protection

@: no status effects
A: hooves 2, thin metallic scales 2, nightstalker 1, spiny 3
a: Renounce Religion, Evoke Berserk Rage


You were on level 10 of the Dungeon.
You worshipped Vehumet.
Vehumet was most pleased with you.
You were not hungry.

You visited 2 branches of the dungeon, and saw 11 of its levels.

You collected 435 gold pieces.

Inventory:

Hand Weapons
 A - a +3 trident (weapon)
Missiles
 B - 38 poisoned darts (quivered)
 G - 7 atropa-tipped darts
 K - 5 datura-tipped darts
Armour
 b - a +1 hat (worn)
 s - a +0 leather armour (worn)
 F - a +0 cloak
 M - a scarf of cloud immunity (worn)
 N - a +0 pair of gloves (worn)
Magical Staves
 f - an uncursed staff of air
Jewellery
 a - an uncursed ring of stealth
 h - a ring of stealth (left hand)
 j - an uncursed ring of fire
 p - an uncursed ring of protection from magic
 q - an amulet of rage (around neck)
 x - a +3 ring of protection (right hand)
 J - an uncursed ring of see invisible
Wands
 v - a wand of paralysis (13)
 O - a wand of iceblast (9)
Scrolls
 i - 2 scrolls of fog
 m - 3 scrolls of identify
 n - 5 scrolls of remove curse
 r - a scroll of fear
 y - 2 scrolls of amnesia {unknown}
 D - a scroll of vulnerability {unknown}
 H - 2 scrolls of enchant weapon {unknown}
 I - 5 scrolls of teleportation
Potions
 c - a potion of degeneration {unknown}
 e - 3 potions of agility {unknown}
 g - 4 potions of mutation
 k - 5 potions of heal wounds
 l - a potion of curing {unknown}
 t - a potion of haste {unknown}
 u - a potion of invisibility {unknown}
 w - a potion of ambrosia {unknown}
 z - 3 potions of berserk rage {unknown}
 C - a potion of might {unknown}
Comestibles
 d - 13 rations
 o - 2 chunks of flesh


   Skills:
 + Level 3.7 Fighting
 + Level 2.8 Polearms
 + Level 3.9 Dodging
 - Level 1.7 Stealth
 * Level 7.3 Spellcasting
 * Level 7.2 Conjurations
 - Level 4.0 Summonings
 - Level 4.0 Translocations
 + Level 2.0 Air Magic
 + Level 2.1 Poison Magic


You had 10 spell levels left.
You knew the following spells:

 Your Spells              Type           Power        Failure   Level  Hunger
a - Magic Dart            Conj           ####         1%          1    None
b - Call Imp              Summ           ####....     3%          2    None
c - Blink                 Tloc           N/A          3%          2    None
d - Mephitic Cloud        Conj/Pois/Air  ###.....     1%          3    None
e - Force Lance           Conj/Tloc      ####....     3%          4    ###....

Your spell library contained the following spells:

 Spells                   Type           Power        Failure   Level  Hunger
 Summon Small Mammal      Summ           ####         2%          1    None
 Conjure Flame            Conj/Fire      ###.....     2%          3    None
 Animate Skeleton         Necr           N/A          12%         1    None
 Beastly Appendage        Tmut           #.....       12%         1    None
 Infusion                 Chrm           #...         12%         1    None
 Slow                     Hex            #.......     17%         2    None


Dungeon Overview and Level Annotations

Branches:
Dungeon (10/15)            Temple (1/1) D:6             Orc (0/2) D:9
   Lair: D:8-11

Altars:
Ashenzari
Cheibriados
Dithmenos
Elyvilon
Fedhas
Gozag
Hepliaklqana
Kikubaaqudgha
Makhleb
Nemelex Xobeh
Okawaru
Qazlal
Ru
Sif Muna
Uskayaw
Vehumet
Wu Jian
Yredelemnul
Zin
The Shining One

Shops:
D:5 ?


Innate Abilities, Weirdness & Mutations

You have hoof-like feet.
You are mostly covered in thin metallic scales. (AC +3)
You are slightly more attuned to the shadows.
You are completely covered in sharp spines.


Message History

The two-headed ogre is severely wounded.
You see here 18 gold pieces.
Casting: Magic Dart (safe; 1% risk of failure)
Confirm with . or Enter, or press ? or * to list all spells.
You blink.
Casting: Blink (safe; 3% risk of failure)
Confirm with . or Enter, or press ? or * to list all spells.
You blink.
You see here 18 gold pieces.
There is a stone staircase leading up, spattered with blood here.
Casting: Blink (safe; 3% risk of failure)
Confirm with . or Enter, or press ? or * to list all spells.
Aiming: Magic Dart (safe; 1% risk of failure)
Press: ? - help, Shift-Dir - straight line, f/p - two-headed ogre
Aim: a two-headed ogre, wielding a +0 giant club and a +0 dire flail (heavily wounded)
The magic dart hits the two-headed ogre but does no damage.
The two-headed ogre is heavily wounded.
The two-headed ogre is struck by your spines.
The two-headed ogre hits you with a +0 giant club!!
You die...

##########
#........#
#........#
#........#
#........# ##.
#........#....
#.....O$......
#......@......
#######.#.....
#.#.#.##
#.#.#.# #.# #
# #(# #.#


You could see a two-headed ogre.

Vanquished Creatures
  Grinder (D:6)
  A hippogriff (D:9)
  A wyvern (D:9)
  A hungry ghost (D:9)
  A water moccasin (D:8)
  An ogre (D:6)
  An orc warrior (D:6)
  A black bear (D:9)
  An ice beast (D:6)
  3 phantoms
  A necrophage (D:9)
  3 centaurs
  A crocodile (D:9)
  Blork the orc (D:6)
  3 bullfrogs
  2 scorpions
  2 troll zombies (D:9)
  9 killer bees
  A howler monkey (D:9)
  3 crimson imps
  A jelly (D:7)
  3 orc priests
  3 hounds
  4 orc wizards
  3 iguanas
  Ijyb (D:3)
  2 worker ants
  4 ogre zombies (D:9)
  A worker ant zombie (D:7)
  4 gnolls (D:6)
  4 adders
  A shadow imp (D:8)
  An adder zombie (D:2)
  An adder skeleton (D:5)
  2 dart slugs
  A worm (D:5)
  7 leopard geckos
  38 orcs
  4 bats
  5 giant cockroaches
  8 goblins
  6 hobgoblins
  21 jackals
  4 quokkas
  A ball python (D:3)
  4 frilled lizards
  4 goblin zombies (D:9)
  A hobgoblin skeleton (D:9)
  3 hobgoblin zombies (D:9)
  8 kobolds
  A leopard gecko zombie (D:6)
  3 orc skeletons (D:9)
  8 orc zombies (D:9)
  7 rats
207 creatures vanquished.

Notes
Turn   | Place    | Note
-------+----------+-------------------------------------------
     0 | D:1      | Gynju the Demonspawn Wizard began the quest for the Orb.
     0 | D:1      | Reached XP level 1. HP: 13/13 MP: 4/4
   612 | D:1      | Gained mutation: You are partially covered in thin metallic
                  | scales. (AC +2) [demonic ancestry]
   612 | D:1      | Reached XP level 2. HP: 8/19 MP: 1/6
  1625 | D:2      | Found a burning altar of Makhleb.
  1640 | D:2      | Gained mutation: You are partially covered in sharp spines.
                  | [demonic ancestry]
  1640 | D:2      | Reached XP level 3. HP: 24/24 MP: 2/8
  1710 | D:2      | Found an opulent altar of Gozag.
  2546 | D:3      | Gained mutation: You have large cloven feet. [demonic
                  | ancestry]
  2546 | D:3      | Reached XP level 4. HP: 27/30 MP: 0/10
  2783 | D:3      | Found an iron altar of Okawaru.
  2896 | D:3      | Noticed Ijyb
  2905 | D:3      | Paralysed by Ijyb for 6 turns
  2918 | D:3      | Killed Ijyb
  3154 | D:3      | Gained mutation: You are mostly covered in thin metallic
                  | scales. (AC +3) [demonic ancestry]
  3154 | D:3      | Reached XP level 5. HP: 27/35 MP: 4/11
  3938 | D:3      | Found a basalt altar of Yredelemnul.
  5045 | D:4      | Gained mutation: You are mostly covered in sharp spines.
                  | [demonic ancestry]
  5045 | D:4      | Reached XP level 6. HP: 31/41 MP: 5/13
  5407 | D:5      | Entered Level 5 of the Dungeon
  5436 | D:5      | Found Lach's Magic Scroll Emporium.
  5484 | D:5      | Reached skill level 5 in Spellcasting
  5650 | D:5      | Learned a level 2 spell: Call Imp
  5661 | D:5      | Learned a level 2 spell: Blink
  5772 | D:5      | You fall into a shaft and drop 3 floors!
  5826 | D:6      | Noticed Blork the orc
  5885 | D:6      | Killed Blork the orc
  5885 | D:6      | Reached skill level 1 in Translocations
  5984 | D:6      | Found a staircase to the Ecumenical Temple.
  5994 | Temple   | Entered the Ecumenical Temple
  6140 | Temple   | Became a worshipper of Vehumet
  6163 | D:6      | Noticed Grinder
  6198 | D:6      | Killed Grinder
  6198 | D:6      | Gained mutation: You have hoof-like feet. [demonic
                  | ancestry]
  6198 | D:6      | Reached XP level 7. HP: 24/47 MP: 8/15
  6547 | D:6      | Reached skill level 1 in Fighting
  6547 | D:6      | Reached skill level 5 in Conjurations
  7281 | D:5      | Found a shattered altar of Ashenzari.
  7920 | D:6      | Gained mutation: You are completely covered in sharp
                  | spines. [demonic ancestry]
  7920 | D:6      | Reached XP level 8. HP: 55/55 MP: 2/16
  8105 | D:7      | Reached * piety under Vehumet
  8105 | D:7      | Offered knowledge of Freeze by Vehumet.
  8801 | D:7      | Reached skill level 1 in Polearms
  8975 | D:7      | Learned a level 3 spell: Mephitic Cloud
  9493 | D:8      | Identified Witchcraft, Part One
  9517 | D:8      | Reached ** piety under Vehumet
  9665 | D:8      | Offered knowledge of Sting by Vehumet.
  9815 | D:8      | Found a blossoming altar of Fedhas.
  9818 | D:8      | Noticed a two-headed ogre
 10001 | D:9      | Gained mutation: You are slightly more attuned to the
                  | shadows. [demonic ancestry]
 10001 | D:9      | Reached XP level 9. HP: 62/62 MP: 13/18
 10408 | D:9      | Offered knowledge of Throw Frost by Vehumet.
 10745 | D:9      | Reached skill level 1 in Poison Magic
 10940 | D:9      | Found a staircase to the Orcish Mines.
 10954 | D:9      | Reached skill level 1 in Air Magic
 11053 | D:9      | Reached *** piety under Vehumet
 11087 | D:9      | Noticed a +0 dagger
 11089 | D:9      | Found a hide-covered altar of Uskayaw.
 11089 | D:9      | Noticed a +0 dagger
 11923 | D:9      | Offered knowledge of Force Lance by Vehumet.
 11929 | D:9      | Learned a level 4 spell: Force Lance
 12041 | D:10     | Entered Level 10 of the Dungeon
 12071 | D:10     | Noticed a two-headed ogre
 12093 | D:10     | Mangled by a two-headed ogre

Levels and vault maps discovered:
D:1:      dpeg_chamrin_arrival_tetris, layout_basic
D:2:      layout_basic, lemuel_round_altar, lemuel_crystal_altar
D:3:      layout_basic, okawaru_metal_pillars_1_2, yredelemnul_altar_generic,
          uniq_ijyb
D:4:      layout_basic, first_ration
D:5:      layout_loops_ring, nicolae_ashenzari_panopticon, serial_shops,
          shop_statue, st_stairs_12
D:6:      layout_rooms, minmay_temple_entry_sparse_star, uniq_grinder,
          uniq_blork_the_orc
D:7:      layout_rooms, serial_corexii_hall, chequers_hall_statues_wall_a,
          corexii_hall_statues_deadend
D:8:      layout_loops_ring, lemuel_doored_altar,
          gammafunk_temple_overflow_elements, lair_entry_dummy
D:9:      layout_roguey, dancing_weapons_uskayaw, zombieorc1_lemuel
D:10:     layout_basic
Temple:   dshaligram_water_room_temple

Skill      XL: |  1  2  3  4  5  6  7  8  9 |
---------------+----------------------------+-----
Conjurations   | 2 3 4 5 6 7 |  7.2
Spellcasting   | 4 5 6 7 |  7.3
Translocations | 1 2 3 4 |  4.0
Dodging        | 2 3 |  3.9
Fighting       | 1 2 3 |  3.7
Summonings     | 2 4 |  4.0
Polearms       | 1 2 |  2.8
Poison Magic   | 2 |  2.1
Air Magic      | 2 |  2.0
Stealth        | |  1.7

Action                   |  1- 3 |  4- 6 |  7- 9 || total
-------------------------+-------+-------+-------++-------
Melee: Unarmed           |    24 |       |       ||    24
       Mace              |     5 |    23 |       ||    28
       Kick              |       |     1 |       ||     1
       Trident           |       |    18 |    18 ||    36
Throw: Dart              |       |       |     2 ||     2
 Cast: Magic Dart        |   100 |   138 |   444 ||   682
       Call Imp          |       |     6 |     8 ||    14
       Blink             |       |     1 |     3 ||     4
       Mephitic Cloud    |       |       |     2 ||     2
  Use: Scroll            |       |    11 |     1 ||    12
  Eat: Chunk             |     5 |    10 |    19 ||    34
Armor: Robe              |    13 |       |       ||    13
       Leather armour    |     2 |    21 |    49 ||    72
Dodge: Dodged            |    26 |    33 |    96 ||   155

Table legend:
 A = Non-vault XP
 B = Vault XP
 C = Vault XP percentage of total XP
 D = Non-vault monster count
 E = Vault monster count
 F = Vault count percentage of total count
                 A         B        C        D         E       F
            +---------+---------+-------+---------+---------+-------
      Total |    3905 |    1070 |  21.5 |     174 |      33 |  15.9
            +---------+---------+-------+---------+---------+-------
        D:1 |      39 |       0 |   0.0 |      23 |       0 |   0.0
        D:2 |      29 |       0 |   0.0 |      14 |       0 |   0.0
        D:3 |     121 |      36 |  22.9 |      31 |       1 |   3.1
        D:4 |     188 |       0 |   0.0 |      13 |       0 |   0.0
        D:5 |     262 |       2 |   0.8 |      13 |       1 |   7.1
        D:6 |     530 |     298 |  36.0 |      19 |       2 |   9.5
        D:7 |     726 |       0 |   0.0 |      22 |       0 |   0.0
        D:8 |     538 |       0 |   0.0 |      15 |       0 |   0.0
        D:9 |    1429 |     734 |  33.9 |      23 |      29 |  55.8
       D:10 |      43 |       0 |   0.0 |       1 |       0 |   0.0
            +---------+---------+-------+---------+---------+-------
